 Dungeon Crawl Stone Soup version 0.30-a0-297-g0ec75d9ef4 (webtiles) character file.

Game seed: 3063932413582297580

6931 greasedhog the Tainter (level 11, -1/63 HPs)
             Began as a Gargoyle Venom Mage on Oct 19, 2022.
             Was an Initiate of Vehumet.
             Slain by a yak (5 damage)
             ... on level 9 of the Dungeon.
             The game lasted 00:22:42 (8790 turns).

greasedhog the Tainter (Gargoyle Venom Mage)        Turns: 8790, Time: 00:22:43

Health: -1/63      AC: 15    Str: 11    XL:     11   Next: 7%
Magic:  4/19       EV: 16    Int: 21    God:    Vehumet [......]
Gold:   553        SH:  0    Dex: 10    Spells: 10/20 levels left

rFire   + + .      SeeInvis .    q - +2 flail (venom)
rCold   + . .      Faith    .    (no shield)
rNeg    + . .      Spirit   .    C - +1 leather armour {rF+}
rPois   ∞          Reflect  .    e - +2 helmet "Mourphiod" {rCorr Stlth+}
rElec   +          Harm     .    H - scarf {rC+ rF+}
rCorr   +          Rampage  .    (no gloves)
Will    .....                    (no boots)
Stlth   ++++......               l - amulet of magic regeneration
HPRegen 0.30/turn                h - +4 ring of evasion
MPRegen 0.56/turn                n - ring of resist corrosion

@: about to teleport
A: sickness immunity, AC +8, negative energy resistance 1, electricity
resistance, torment resistance 1, petrification resistance
a: Renounce Religion


You were on level 9 of the Dungeon.
You worshipped Vehumet.
Vehumet was noncommittal.
You visited 2 branches of the dungeon, and saw 10 of its levels.

You collected 553 gold pieces.

Inventory:

Hand Weapons
 q - a +2 flail of venom (weapon)
Armour
 e - the +2 helmet "Mourphiod" (worn) {rCorr Stlth+}
   (You found it on level 3 of the Dungeon)

   rCorr:     It protects you from acid and corrosion.
   Stlth:     It makes you more stealthy.
 v - the +1 cloak "Gakieb" {rElec rN++ Int-4 Stlth+}
   (You found it on level 5 of the Dungeon)

   Int:       It affects your intelligence (-4).
   rElec:     It insulates you from electricity.
   rN:        It greatly protects you from negative energy.
   Stlth:     It makes you more stealthy.
 C - a +1 leather armour of fire resistance (worn)
 H - a scarf of resistance (worn)
Magical Staves
 c - a staff of conjuration
Jewellery
 h - a +4 ring of evasion (left hand)
 l - an amulet of magic regeneration (around neck)
 n - a ring of resist corrosion (right hand)
 o - an amulet of regeneration
 B - a ring of ice
Wands
 z - a wand of iceblast (1)
 E - a wand of flame (39)
Scrolls
 a - a scroll of summoning {unknown}
 d - 2 scrolls of immolation
 g - 5 scrolls of teleportation
 i - a scroll of magic mapping
 j - 5 scrolls of enchant weapon
 p - 2 scrolls of silence
 r - a scroll of fog
 u - a scroll of amnesia
 y - a scroll of vulnerability
Potions
 b - a potion of magic
 f - a potion of resistance {unknown}
 k - 2 potions of heal wounds {unknown}
 m - 2 potions of attraction {unknown}
 t - a potion of flight {unknown}
 w - a potion of ambrosia {unknown}
 x - 2 potions of lignification {unknown}
 A - 2 potions of cancellation
 D - 3 potions of mutation {unknown}
 F - a potion of brilliance {unknown}


   Skills:
 - Level 5.0 Fighting
 - Level 5.1 Armour
 * Level 4.7 Dodging
 * Level 6.0 Stealth
 - Level 5.3 Spellcasting
 * Level 6.7 Conjurations
 - Level 1.0 Transmutations
 - Level 5.0 Air Magic
 * Level 9.0 Poison Magic


You had 10 spell levels left.
You knew the following spells:

 Your Spells              Type           Power      Damage    Failure   Level
a - Sting                 Tmut/Pois      100%       1d8       1%          1
b - Poisonous Vapours     Pois/Air       70%        N/A       1%          2
c - Mephitic Cloud        Conj/Pois/Air  34%        N/A       2%          3
d - Olgreb's Toxic Radia  Pois           43%        N/A       3%          4

Your spell library contained the following spells:

 Spells                   Type           Power      Damage    Failure   Level
 Momentum Strike          Conj/Tloc      38%        3d9       4%          2
 Spider Form              Tmut/Pois      26%        N/A       4%          3
 Stone Arrow              Conj/Erth      38%        3d9       10%         3
 Sandblast                Erth           10%        2d5       13%         1
 Summon Small Mammal      Summ           20%        N/A       13%         1
 Passwall                 Tmut/Erth      5%         N/A       16%         2
 Ensorcelled Hibernation  Hex/Ice        10%        N/A       21%         2
 Sticky Flame             Conj/Fire      19%        2d4       32%         4
 Lightning Bolt           Conj/Air       15%        1d29      32%         5
 Call Canine Familiar     Summ           5%         N/A       36%         3
 Summon Guardian Golem    Hex/Summ       5%         N/A       36%         3
 Freezing Cloud           Conj/Ice/Air   11%        6-21      58%         5
 Fireball                 Conj/Fire      9%         3d6       67%         5
 Anguish                  Hex/Necr       2%         N/A       78%         4
 Orb of Destruction       Conj           17%        9d7       100%        7


Dungeon Overview and Level Annotations

Branches:
Dungeon (9/15)             Temple (1/1) D:7
   Lair: D:8-11         Orc: D:9-12

Altars:
Cheibriados
Dithmenos
Elyvilon
Fedhas
Gozag
Hepliaklqana
Kikubaaqudgha
Makhleb
Okawaru
Qazlal
Ru
Sif Muna
Trog
Uskayaw
Vehumet
Wu Jian
Xom
Yredelemnul
Zin
The Shining One


Innate Abilities, Weirdness & Mutations

You are immune to sickness and miasma.
Your stone body is resilient. (AC +8)
You are immune to poison.
You resist negative energy. (rN+)
You are resistant to electric shocks. (rElec)
You are resistant to unholy torment.
You are immune to petrification.


Message History

Casting: Olgreb's Toxic Radiance (dangerous; 3% risk of failure)
Confirm with . or Enter, or press ? or * to list all spells.
You don't know that spell.
Okay, then.
Casting: Olgreb's Toxic Radiance (dangerous; 3% risk of failure)
Confirm with . or Enter, or press ? or * to list all spells.
Your toxic radiance grows in intensity.
Something hits you!!
Ouch! That really hurt!
* * * LOW HITPOINT WARNING * * *
Vehumet accepts your kill.
Reactivating autopickup.
You feel a bit more experienced.
You hear a bellow!
Your Stealth skill increases to level 6!
Your Poison Magic skill increases to level 9!
You have reached level 11!
It was a potion of cancellation.
Your magical effects are unravelling.
You feel magically purged.
The yak is poisoned.
Your toxic aura wanes.
The shadow strikes at you from the darkness!
* * * LOW HITPOINT WARNING * * *
Okay, then.
As you read the scroll labelled REANER UDAUQO, it crumbles to dust.
You feel aware of your surroundings.
It was a scroll of magic mapping.
The shadow completely misses you.
The air fills with toxic fumes!
As you read the scroll labelled DEREAC SIHUIL, it crumbles to dust.
It was a scroll of poison.
The shadow slips into darkness.
The shadow flickers and vanishes!
Deactivating autopickup; reactivate with Ctrl-A.
The yak barely misses you.
Okay, then.
As you read the scroll of teleportation, it crumbles to dust.
You feel strangely unstable.
The shadow strikes at you from the darkness!
Reactivating autopickup.
The yak gores you.
You die...

,,* **,,,,,,,#..........#
#.#,... ,,*
*,,,,,,,,,,.....##.##
#.#*.#.
,,***,*,,,,****####.##.#
#.#*,*, ,,**,,,,**,*
#.##.####.#*,*,
,,**,,,,,,,*
#.........#*,*,
,,**,,,,****
#.##.######*,** ,,***,*,*
##§##.# *,* *,***,*,*
#######§#.#.# *,*
,,,,*,*,* #§§§W@Y###..#
*,*
,,,,*,*,***#§#####§#.###
*,* ,,,,,,,,,,...*
##§##.## *,*
,,,,*,,,.....######.§§..#
*,*
,,,,,,W..............§§.#
*,*
*,**,,#...#..#########§§#
*,*
,,**,,.......,,,,,,,,#.§#
*,*
,,,,,,..>*#.#*******,#..#
*,* ****,*,*,**,*****
*,#..# *,**


You could see a yak (poisoned) and a shadow.

Vanquished Creatures
  Erolcha (D:9)
  Pikel (D:6)
  A cyclops (D:9)
  Maurice (D:8)
  A wyvern (D:8)
  8 yaks
  Eustachio (D:6)
  Grum (D:8)
  Menkaure (D:7)
  2 water moccasins
  An orc warrior (D:7)
  A sky beast (D:7)
  3 black bears
  3 ice beasts
  2 ogres
  4 wolves (D:8)
  4 centaurs
  A phantom (D:7)
  2 kobold brigands (D:8)
  4 lemures (D:6)
  3 necrophages
  2 bullfrogs
  A gnoll sergeant (D:8)
  7 wights
  A howler monkey (D:5)
  Crazy Yiuf (D:6)
  3 hounds
  2 orc priests
  2 jellies
  10 orc wizards
  12 gnolls
  5 adders
  5 white imps
  An ufetubus (D:5)
  A worm (D:2)
  A dart slug (D:3)
  22 orcs
  2 bats (D:2)
  5 endoplasms
  3 giant cockroaches
  10 goblins
  5 hobgoblins
  4 jackals (D:3)
  20 kobolds
  2 quokkas
  6 ball pythons (D:1)
  3 frilled lizards
  A rat (D:2)
183 creatures vanquished.

Notes
Turn   | Place    | Note
-------+----------+-------------------------------------------
     0 | D:1      | greasedhog the Gargoyle Venom Mage began the quest for the
                  | Orb.
     0 | D:1      | Reached XP level 1. HP: 10/10 MP: 3/3
   378 | D:1      | Reached skill level 1 in Transmutations
   421 | D:1      | Reached XP level 2. HP: 16/16 MP: 3/5
   485 | D:1      | Learned a level 2 spell: Poisonous Vapours
   781 | D:1      | Reached skill level 1 in Fighting
  1474 | D:2      | Reached XP level 3. HP: 14/20 MP: 2/6
  1599 | D:2      | Learned a level 3 spell: Mephitic Cloud
  2180 | D:2      | Reached skill level 1 in Air Magic
  2180 | D:2      | Reached XP level 4. HP: 13/25 MP: 3/7
  2324 | D:3      | Identified the +2 helmet "Mourphiod" {rCorr Stlth+}
  2569 | D:3      | Reached XP level 5. HP: 17/30 MP: 4/9
  2766 | D:3      | Found a faded altar of an unknown god.
  2900 | D:2      | Reached skill level 4 in Poison Magic
  3086 | D:3      | Reached XP level 6. HP: 16/36 MP: 3/10
  3190 | D:3      | Found a shimmering altar of Xom.
  3783 | D:4      | Learned a level 4 spell: Olgreb's Toxic Radiance
  4316 | D:4      | Reached XP level 7. HP: 41/41 MP: 12/12
  4339 | D:5      | Entered Level 5 of the Dungeon
  4574 | D:5      | Identified the +1 cloak "Gakieb" {rElec rN++ Int-4 Stlth+}
  4593 | D:5      | Reached skill level 5 in Poison Magic
  4639 | D:5      | Reached XP level 8. HP: 29/48 MP: 12/14
  5050 | D:5      | Found a bloodstained altar of Trog.
  5227 | D:5      | Got the Papyrus of the Salvo
  5263 | D:5      | Found a shimmering blue altar of Sif Muna.
  5455 | D:6      | Reached skill level 5 in Fighting
  5480 | D:6      | Noticed Pikel
  5503 | D:6      | Killed Pikel
  5504 | D:6      | Reached skill level 5 in Spellcasting
  5504 | D:6      | Reached skill level 6 in Poison Magic
  5506 | D:6      | Reached XP level 9. HP: 48/54 MP: 10/17
  5510 | D:6      | Reached skill level 1 in Conjurations
  5837 | D:6      | Found a runed translucent door.
  5838 | D:6      | Noticed Crazy Yiuf
  5935 | D:6      | Noticed Eustachio
  5944 | D:6      | Killed Eustachio
  6126 | D:6      | Killed Crazy Yiuf
  6185 | D:7      | Noticed Menkaure
  6503 | D:7      | Found a staircase to the Ecumenical Temple.
  6521 | D:7      | Reached skill level 5 in Air Magic
  6521 | D:7      | Reached skill level 7 in Poison Magic
  6526 | Temple   | Entered the Ecumenical Temple
  6619 | D:7      | Got the Parchment of Envenoming and the Squall
  6745 | D:7      | Killed Menkaure
  7586 | D:8      | Reached skill level 5 in Armour
  7599 | D:8      | Reached XP level 10. HP: 37/59 MP: 18/18
  7773 | D:8      | Noticed Maurice
  8032 | D:8      | Reached skill level 5 in Conjurations
  8032 | D:8      | Reached skill level 8 in Poison Magic
  8094 | D:8      | Found a glowing silver altar of Zin.
  8150 | D:8      | Noticed Grum
  8163 | D:8      | Killed Grum
  8445 | D:8      | Killed Maurice
  8492 | D:8      | Found a radiant altar of Vehumet.
  8524 | D:8      | Became a worshipper of Vehumet
  8760 | D:9      | Noticed a cyclops
  8771 | D:9      | Noticed Erolcha
  8772 | D:9      | Noticed a two-headed ogre
  8774 | D:9      | Reached skill level 5 in Stealth
  8777 | D:9      | Killed a cyclops
  8784 | D:9      | Killed Erolcha
  8785 | D:9      | Reached skill level 9 in Poison Magic
  8785 | D:9      | Reached XP level 11. HP: 18/63 MP: 1/19
  8787 | D:9      | HP: 3/63 [something (16)]
  8790 | D:9      | Slain by a yak

Illustrated notes

Levels and vault maps discovered:
D:1:      dpeg_arrival_solitude, layout_loops_ring, serial_forest,
          infiniplex_forest_end_2, infiniplex_forest_corner_1,
          infiniplex_forest_fountain, infiniplex_forest_straight_5,
          infiniplex_forest_end_2, infiniplex_forest_clump_curved,
          infiniplex_forest_lined_room_2, hex_tiny, grunt_decor_junction,
          chequers_serial_rivers_micro_a, palyth_stone_intersect, chequers_jeans
D:2:      minmay_inner_zag, layout_rooms, lightli_corner_chamber
D:3:      layout_basic, mainiacjoe_overflow_cross_hatched,
          ebering_ecumenical_altar_box
D:4:      layout_gridville, sigmund_army
D:5:      layout_basic, kennysheep_mini, mainiacjoe_overflow_paths
D:6:      layout_rooms, minivault_4, uniq_eustachio, uniq_crazy_yiuf_cottage,
          uniq_pikel
D:7:      layout_basic, minmay_temple_entry_arrows, enter_bailey_2,
          grunt_ministairs_4, uniq_menkaure
D:8:      layout_basic, amcnicky_altar_gilded, nicolae_vehumet_altar_sigil,
          uniq_maurice, uniq_grum
D:9:      lemuel_ice_statue, layout_loops_ring, uniq_erolcha, uniq_maggie,
          uniq_gastronok
Temple:   hellmonk_temple_of_storms

Skill      XL: |  1  2  3  4  5  6  7  8  9 10 |
---------------+-------------------------------+-----
Transmutations | 1 |  1.0
Fighting       | 1 2 3 4 5 |  5.0
Air Magic      | 1 2 3 4 5 |  5.0
Spellcasting   | 3 4 5 |  5.3
Poison Magic   | 4 5 6 7 9 |  9.0
Armour         | 2 5 |  5.1
Conjurations   | 4 6 |  6.7
Dodging        | 2 4 |  4.7
Stealth        | 6 |  6.0

Action                   |  1- 3 |  4- 6 |  7- 9 | 10-12 || total
-------------------------+-------+-------+-------+-------++-------
Melee: Unarmed           |     8 |       |       |       ||     8
       Dagger            |    96 |    20 |       |       ||   116
       Punch             |     1 |       |     3 |     2 ||     6
       Staff             |    34 |    36 |       |       ||    70
       Flail             |       |    54 |   193 |   124 ||   371
 Cast: Sting             |    70 |    77 |    28 |       ||   175
       Mephitic Cloud    |       |     8 |    19 |     9 ||    36
       Poisonous Vapours |       |       |    29 |    16 ||    45
       Olgreb's Toxic Ra |       |       |       |    15 ||    15
Evoke: Wand              |       |       |    20 |       ||    20
  Use: Scroll            |     4 |     1 |     7 |     3 ||    15
       Potion            |       |       |     3 |     1 ||     4
 Stab: Confused          |       |     5 |     2 |     3 ||    10
       Sleeping          |       |       |     1 |       ||     1
Armor: Robe              |    17 |    46 |    53 |       ||   116
       Leather armour    |       |       |    56 |    82 ||   138
Dodge: Dodged            |    52 |   118 |   225 |   126 ||   521

Table legend: (Time is in decaauts)
 A = Elapsed time spent in this place.
 B = Non-inter-level travel time spent in this place.
 C = Inter-level travel time spent in this place.
 D = Time resting spent in this place.
 E = Time spent auto-exploring this place.
 F = Levels seen in this place.
 G = Mean time per level.
                   A        B        C        D        E       F      G
               +--------+--------+--------+--------+--------+-----+--------+
         Total |   8953 |   8615 |    338 |   1093 |   5528 |  10 |  895.3 |
       Dungeon |   8911 |   8573 |    338 |   1093 |   5528 |   9 |  990.1 |
        Temple |     41 |     41 |      0 |      0 |      0 |   1 |   41.0 |
               +--------+--------+--------+--------+--------+-----+--------+

Top non-repeatable levels by time:
     D:1: 1428 daAuts
     D:7: 1277 daAuts
     D:2: 1114 daAuts
     D:5: 1027 daAuts
     D:8: 1013 daAuts
     D:3: 984 daAuts
     D:4: 949 daAuts
     D:6: 839 daAuts
     D:9: 275 daAuts
  Temple: 41 daAuts
